 Dungeon Crawl Stone Soup version 0.17.0-18-gaab0e96 (console) character file.

63 gw the Chucker (level 4, -5/45 HPs)
             Began as an Ogre Hunter on Nov 11, 2015.
             Was an Initiate of Trog.
             Slain by Sigmund
             ... wielding a +0 scythe
              (14 damage)
             ... on level 3 of the Dungeon.
             The game lasted 00:01:18 (1256 turns).

gw the Chucker (Ogre Hunter)                        Turns: 1256, Time: 00:01:18

Health: -5/45      AC:  3    Str: 17    XL:     4   Next: 9%
Magic:  4/4        EV: 10    Int: 10    God:    Trog [......]
Gold:   39         SH:  0    Dex: 11    Spells: 0 memorised, 3 levels left

rFire  . . .     SeeInvis .     b - +4 whip
rCold  . . .     Clarity  .     d - +0 robe
rNeg   . . .     SustAt   .     (no shield)
rPois  .         Gourm    .     (helmet restricted)
rElec  .         Spirit   .     (no cloak)
rCorr  .         Warding  .     (gloves unavailable)
rMut   .         Stasis   .     (boots unavailable)
MR     .....                    (no amulet)
Stlth  +.........               (no ring)
                                (no ring)

@: not resistant to hostile enchantments, very unstealthy
A: unfitting armour, tough skin 1
a: Burn Spellbooks, Renounce Religion


You were on level 3 of the Dungeon.
You worshipped Trog.
Trog was noncommittal.
You were hungry.

You visited 1 branch of the dungeon, and saw 3 of its levels.

You collected 39 gold pieces.

Inventory:

Hand Weapons
 b - a +4 whip (weapon)
Missiles
 a - 4 javelins
 c - 3 large rocks (quivered)
 f - 2 throwing nets
 g - 45 stones
 h - 10 poisoned needles
Armour
 d - a +0 robe (worn)
Comestibles
 e - 3 bread rations


   Skills:
 + Level 3.4 Fighting
 + Level 1.3 Maces & Flails
 * Level 4.7 Throwing
 + Level 2.3 Dodging
 - Level 0.7 Stealth


You had 3 spell levels left.
You didn't know any spells.

Dungeon Overview and Level Annotations

Branches:
Dungeon (3/15)

Altars:
Fedhas
Okawaru
Qazlal
Trog
Yredelemnul

Annotations:
D:3 Sigmund


Innate Abilities, Weirdness & Mutations

You are too large for most types of armour.
You have tough skin (AC +1).


Message History

The magic dart hits you!
Unknown command.
Unknown command.
Unknown command.
Unknown command.
ATTACKING (0,-1)
You swing at nothing.
Something hits you.
Unknown command.
Unknown command.
Unknown command.
Unknown command.
ATTACKING (0,-1)
You swing at nothing.
Unknown command.
Unknown command.
Unknown command.
Unknown command.
ATTACKING (0,-1)
You swing at nothing.
Something hits you!
You die...

#+# ### #.#
<.# #.# #.#
##.##
#.###...##
#.##.....# #.#
#...#
#.###...######
#O............
#####...######
##.## #.# #.#
######.###
#........#
##.##.#.#.#
..........##


There were no monsters in sight!

Table legend:
 A = Turns spent in this place as a percentage of turns spent in the entire game.
 B = Non-inter-level travel turns spent in this place as a percentage of non-inter-level travel turns spent in the entire game.
 C = Inter-level travel turns spent in this place as a percentage of turns spent in this place.
 D = Turns resting spent in this place as a percentage of non-inter-level travel turns spent in this place.
 E = Turns spent auto-exploring this place as a percentage of non-inter-level travel turns spent in this place.
 F = Non-inter-level travel turns spent in this place divided by the number of levels of this place that you've seen.
                   A       B       C       D       E      F
               +-------+-------+-------+-------+-------+----------------------
         Total | 100.0 | 100.0 |   0.2 |   0.5 |   3.4 | 626.3
       Dungeon | 100.0 | 100.0 |   0.2 |   0.5 |   3.4 | 626.3
               +-------+-------+-------+-------+-------+----------------------

Table legend:
 A = Kills in this place as a percentage of kills in entire the game.
 B = Kills by you in this place as a percentage of kills by you in the entire game.
 C = Kills by friends in this place as a percentage of kills by friends in the entire game.
 D = Other kills in this place as a percentage of other kills in the entire game.
 E = Experience gained in this place as a percentage of experience gained in the entire game.
 F = Experience gained in this place divided by the number of levels of this place that you have seen.
                   A       B       C       D       E      F
               +-------+-------+-------+-------+-------+----------------------
         Total | 100.0 | 100.0 |  -nan |  -nan | 100.0 |  30.0
       Dungeon | 100.0 | 100.0 |  -nan |  -nan | 100.0 |  30.0
               +-------+-------+-------+-------+-------+----------------------

Vanquished Creatures
  3 adders
  2 worms (D:2)
  A giant gecko (D:2)
  2 giant cockroaches
  3 goblins
  6 hobgoblins
  A quokka (D:2)
  6 bats
  2 kobolds (D:2)
  3 rats
29 creatures vanquished.

Notes
Turn   | Place    | Note
--------------------------------------------------------------
     0 | D:1      | gw the Ogre Hunter began the quest for the Orb.
     0 | D:1      | Reached XP level 1. HP: 22/22 MP: 1/1
   396 | D:1      | Reached XP level 2. HP: 31/31 MP: 2/2
   612 | D:2      | Found a blossoming altar of Fedhas.
   625 | D:2      | Reached XP level 3. HP: 29/37 MP: 3/3
   724 | D:2      | Found a bloodstained altar of Trog.
   728 | D:2      | Became a worshipper of Trog the Wrathful
   779 | D:2      | Reached skill level 1 in Maces & Flails
   888 | D:2      | Found a basalt altar of Yredelemnul.
   893 | D:2      | Found a stormy altar of Qazlal.
   901 | D:2      | Found an iron altar of Okawaru.
  1173 | D:3      | Reached XP level 4. HP: 45/45 MP: 4/4
  1231 | D:3      | Noticed Sigmund
  1256 | D:3      | Slain by Sigmund

Action                   |  1- 3 |  4- 6 || total
-------------------------+-------+-------++-------
Melee: Whip              |    22 |    10 ||    32
Throw: Large rock        |    28 |     2 ||    30
       Javelin           |     9 |       ||     9

Vault maps used:
D:1:      co_arrival_hexagon_in_a_hexagon
D:2:      gammafunk_temple_overflow_forgotten, lemuel_crystal_altar,
          first_bread, trog_three_pillars_becter
D:3:      minitemple, nicolae_underground_beach, uniq_grinder, uniq_sigmund
